 Dungeon Crawl Stone Soup version 0.27.1-3-gb3d3a73c9e (webtiles) character file.

Game seed: 2880399401455136878

63721 bobkasz2 the Thaumaturge (level 14, 0/94 HPs)
             Began as a Demonspawn Air Elementalist on Oct 15, 2021.
             Was an Elder of Vehumet.
             Killed from afar by a thorn hunter (23 damage)
             ... with a volley of thorns
             ... on level 1 of the Swamp on Oct 18, 2021.
             The game lasted 02:09:27 (35319 turns).

bobkasz2 the Thaumaturge (DsAE)                    Turns: 35319, Time: 02:09:27

Health: 0/94       AC:  6    Str: 12    XL:     14   Next: 69%
Magic:  23/31      EV: 17    Int: 23    God:    Vehumet [****..]
Gold:   1270       SH:  0    Dex: 20    Spells: 2/40 levels left

rFire    x . .     SeeInvis .   u - +7 Screaming Sword {vorpal, sonic wave}
rCold    . . .     Faith    .   (no shield)
rNeg     . . .     Spirit   .   R - +2 robe {Will+}
rPois    +         Reflect  .   U - +1 hat of Ybobowet {rF- Str+3 Int+3 Dex+5}
rElec    .         Harm     .   (no cloak)
rCorr    .         Rampage  .   y - +0 pair of gloves
Will     +++..                  (no boots)
Stlth    +++.......             k - amulet of regeneration
HPRegen  1.25/turn              a - ring of poison resistance
MPRegen  0.22/turn              X - ring of willpower

@: no status effects
A: antennae 2, repulsion field 2, ignite blood 2, demonic magic 2
a: Renounce Religion


You were on level 1 of the Swamp.
You worshipped Vehumet.
Vehumet was greatly pleased with you.
You visited 3 branches of the dungeon, and saw 18 of its levels.

You collected 1270 gold pieces.

Inventory:

Hand Weapons
 u - the +7 Screaming Sword (weapon) {vorpal, sonic wave}
   (You found it on level 5 of the Dungeon)

   It inflicts extra damage upon your enemies.
   It radiates damaging sonic waves as it strikes, especially in combat
   involving dangerous or numerous foes.
Missiles
 z - 34 poisoned darts
 E - 4 datura-tipped darts
 K - 8 curare-tipped darts
 V - 2 throwing nets
Armour
 y - a +0 pair of gloves (worn)
 R - a +2 robe of willpower (worn)
 U - the +1 hat of Ybobowet (worn) {rF- Str+3 Int+3 Dex+5}
   (You acquired it on level 4 of the Lair of Beasts)

   Str:       It affects your strength (+3).
   Int:       It affects your intelligence (+3).
   Dex:       It affects your dexterity (+5).
   rF:        It makes you vulnerable to fire.
Magical Staves
 J - a staff of earth
 N - a staff of cold
Jewellery
 a - a ring of poison resistance (left hand)
 b - a ring of protection from fire
 k - an amulet of regeneration (around neck)
 p - a ring of flight
 w - a ring of positive energy
 M - an amulet of the acrobat
 Q - a +4 ring of protection
 X - a ring of willpower (right hand)
 Z - a ring of willpower
Wands
 i - a wand of polymorph (17)
 s - a wand of charming (4)
 D - a wand of flame (115)
 H - a wand of acid (9)
 T - a wand of mindburst (15)
Scrolls
 d - 2 scrolls of brand weapon
 g - 5 scrolls of enchant armour
 j - 2 scrolls of vulnerability
 l - a scroll of summoning
 m - 2 scrolls of enchant weapon
 n - 7 scrolls of magic mapping
 q - 7 scrolls of amnesia
 v - a scroll of teleportation
 A - 3 scrolls of noise
 B - 3 scrolls of immolation
 C - 3 scrolls of fear
 O - 2 scrolls of silence
Potions
 c - 4 potions of ambrosia
 e - 5 potions of degeneration {unknown}
 f - 10 potions of curing {unknown}
 o - 2 potions of haste {unknown}
 r - 5 potions of flight {unknown}
 t - 4 potions of cancellation {unknown}
 F - 5 potions of might
 I - 4 potions of lignification {unknown}
 P - a potion of resistance {unknown}
 Y - 2 potions of heal wounds
Miscellaneous
 h - a box of beasts


   Skills:
 + Level 3.7 Fighting
 + Level 0.5(2.8) Short Blades
 + Level 4.4(4.5) Long Blades
 + Level 0.2 Maces & Flails
 + Level 0.2 Throwing
 + Level 4.1 Dodging
 + Level 4.6 Stealth
 + Level 13.5 Spellcasting
 + Level 12.6 Conjurations
 + Level 0.8 Transmutations
 + Level 1.9 Fire Magic
 + Level 6.7 Ice Magic
 + Level 12.1 Air Magic
 + Level 0.2 Earth Magic
 + Level 2.1 Poison Magic
 + Level 0.1 Evocations


You had 2 spell levels left.
You knew the following spells:

 Your Spells              Type           Power      Damage    Failure   Level
a - Shock                 Conj/Air       100%       1d9       1%          1
b - Static Discharge      Conj/Air       64%        N/A       1%          2
c - Dazzling Flash        Conj/Hex       88%        N/A       1%          3
d - Swiftness             Air            63%        N/A       1%          3
e - Poisonous Vapours     Pois/Air       96%        N/A       1%          2
f - Freezing Cloud        Conj/Ice/Air   29%        6-21      1%          5
g - Airstrike             Air            31%        N/A       1%          4
h - Passwall              Tmut/Erth      15%        N/A       4%          2
i - Orb of Destruction    Conj           32%        9d12      5%          7
j - Fireball              Conj/Fire      24%        3d11      1%          5
k - Olgreb's Toxic Radia  Pois           25%        N/A       4%          4

Your spell library contained the following spells:

 Spells                   Type           Power      Damage    Failure   Level
 Corpse Rot               Necr/Air       N/A        N/A       1%          2
 Animate Skeleton         Necr           30%        N/A       4%          1
 Pain                     Necr           60%        1d7       4%          1
 Conjure Flame            Conj/Fire      49%        6-21      1%          3
 Ignite Poison            Fire/Tmut/Pois 23%        N/A       1%          3
 Hailstorm                Conj/Ice       56%        3d12      1%          4
 Sticky Flame             Conj/Fire      49%        2d7       1%          4
 Ice Form                 Ice/Tmut       33%        N/A       9%          4
 Call Canine Familiar     Summ           15%        N/A       12%         3
 Gell's Gravitas          Tloc           7%         N/A       12%         3
 Lesser Beckoning         Tloc           7%         N/A       12%         3
 Portal Projectile        Hex/Tloc       30%        N/A       12%         3
 Summon Guardian Golem    Hex/Summ       15%        N/A       12%         3
 Teleport Other           Tloc           15%        N/A       12%         3
 Vampiric Draining        Necr           7%         2d7       12%         3
 Cause Fear               Hex            7%         N/A       36%         4
 Leda's Liquefaction      Hex/Erth       8%         N/A       36%         4
 Spellforged Servitor     Conj/Summ      22%        N/A       50%         7
 Simulacrum               Ice/Necr       15%        N/A       83%         6
 Dispersal                Tloc           7%         N/A       99%         6
 Invisibility             Hex            7%         N/A       99%         6
 Dragon Form              Tmut           9%         N/A       100%        7
 Dragon's Call            Summ           7%         N/A       100%        9


Dungeon Overview and Level Annotations

Branches:
Dungeon (11/15)            Temple (0/1) D:4            Lair (6/6) D:8
  Swamp (1/4) Lair:3        Snake (0/4) Lair:4        Slime (0/5) Lair:5
    Orc (0/2) D:11

Altars:
Makhleb
Qazlal
Sif Muna
Trog
Vehumet
Xom
Yredelemnul

Shops:
D:5 (?[=   D:9 :(

Annotations:
Lair:6 1 runed translucent door


Innate Abilities, Weirdness & Mutations

You have a pair of antennae on your head.
You are surrounded by a moderate repulsion field. (EV +3)
Your demonic aura often causes spilled blood to erupt in flames.
Spells you cast may paralyse nearby enemies.


Message History

The fireball engulfs the spriggan druid!!
The spriggan druid is heavily wounded.
The spriggan druid shouts!
The fireball engulfs the spriggan rider!!
The spriggan rider is moderately wounded.
The mangrove smoulders and burns.
Malevolent energies surge around you.
The swamp worm suddenly stops moving!
The spriggan rider shouts!
The spriggan rider hits you but does no damage.
The eleionoma flows through the trees.
Casting: Fireball (dangerous; 1% risk of failure)
Confirm with . or Enter, or press ? or * to list all spells.
Aiming: Fireball (dangerous; 1% risk of failure)
Press: ? - help, Shift-Dir - straight line, f - eleionoma
Aim: an eleionoma The fireball explodes!
The fireball engulfs the eleionoma!!
The eleionoma is moderately wounded.
The mangrove smoulders and burns.
The fireball engulfs the swamp worm!!
The swamp worm is severely wounded.
Malevolent energies surge around you.
A spriggan rider comes into view. It is wielding a +0 spear.
The spriggan rider hits you from afar with a +0 spear!
The thorn hunter fires a volley of thorns at you.
The volley of thorns hits you!
The swamp worm is engulfed in a cloud of scalding steam.
The eleionoma hurls a spray of splinters at you.
The spray of wooden splinters hits you!
* * * LOW HITPOINT WARNING * * *
A spriggan rider comes into view. It is wielding a +0 spear.
The spriggan rider barely misses you.
The spriggan rider hits you from afar with a +0 spear.
* * * LOW HITPOINT WARNING * * *
The swamp worm is engulfed in a cloud of scalding steam.
You kill the swamp worm!
Vehumet accepts your kill.
You feel your power returning.
The eleionoma is engulfed in a cloud of scalding steam.
The thorn hunter fires a volley of thorns at you.
The volley of thorns hits you!!
You die...

.≈≈≈...♣♣
♣♣...≈i.≈♣♣♣♣♣♣
≈>...≈≈≈§♣..>./
.≈≈..i≈≈≈.≈...≈
≈≈≈......≈≈≈≈..
§≈§..i[.≈≈≈≈≈≈.
≈≈§..i[f.≈≈≈≈≈.
≈≈≈.i.i@.≈≈≈≈≈.
≈≈≈....R§≈≈≈≈≈.
≈≈≈..☼§§§≈≈≈≈^.
≈≈§.n§§§§≈≈≈≈..
≈≈≈≈≈..≈≈≈≈≈≈.≈
≈≈...≈.≈≈≈≈....
≈≈..≈..>...≈§.♣
.≈.....≈≈.≈≈≈.♣
......≈.≈≈≈.♣♣


You could see a thorn hunter, an eleionoma, 5 spriggan riders, a spriggan druid
and a bog body.

Vanquished Creatures
  Gastronok (Lair:1)
  Snorg (Lair:3)
  2 dire elephants
  Harold (Lair:2)
  7 hydras
  A boulder beetle (D:11)
  A catoblepas (Lair:6)
  Erica (Lair:2)
  A two-headed ogre (D:10)
  10 death yaks
  Sonja (D:11)
  Urug (Lair:2)
  Nergalle (Lair:3)
  A spriggan druid (Swamp:1)
  3 lindwurms (Lair:6)
  A deep elf pyromancer (D:11)
  2 cyclopes (D:11)
  8 black mambas
  9 elephants
  A manticore (D:11)
  Joseph (D:8)
  19 cane toads
  Maggie (Lair:1)
  4 komodo dragons
  5 torpor snails (Lair:6)
  12 polar bears
  3 trolls
  6 hornets (Lair:6)
  3 tyrant leeches (Lair:6)
  Prince Ribbit (D:6)
  2 raiju (Lair:6)
  A dream sheep (Lair:2)
  13 blink frogs
  2 shadows
  6 wyverns
  2 spriggans
  36 yaks
  6 basilisks
  6 wargs (Lair:6)
  2 acid dragons
  2 swamp worms
  7 water moccasins
  13 hell hounds (Lair:6)
  A hornet zombie (D:7)
  A sky beast (D:8)
  13 black bears
  4 orc warriors
  An ogre (D:6)
  28 wolves
  3 centaurs
  2 phantoms
  A kobold brigand (D:6)
  19 bullfrogs
  2 scorpions (D:5)
  3 water moccasin skeletons
  8 wights (D:8)
  An electric eel (Lair:2)
  3 centaur zombies
  A bullfrog zombie (D:5)
  4 hounds (D:6)
  A gnoll shaman (D:8)
  3 jellies
  4 orc priests
  3 iguanas
  6 hell rats (Lair:6)
  6 orc wizards
  2 hound skeletons (D:4)
  6 gnolls
  6 adders
  A shadow imp (D:7)
  An adder skeleton (D:4)
  2 worms (D:3)
  6 dart slugs
  18 orcs
  7 ball pythons
  7 bats
  9 endoplasms
  4 giant cockroaches
  7 goblins
  4 hobgoblins
  5 jackals
  13 kobolds
  3 quokkas
  A frilled lizard (D:1)
  6 rats
  A bush (Lair:5)
434 creatures vanquished.

Vanquished Creatures (others)
  An ogre (D:4)
  A quokka (D:4)
  A ball python (D:4)
  A kobold (D:4)
  72 fungi
  115 plants
191 creatures vanquished.

Grand Total: 625 creatures vanquished

Notes
Turn   | Place    | Note
-------+----------+-------------------------------------------
     0 | D:1      | bobkasz2 the Demonspawn Air Elementalist began the quest
                  | for the Orb.
     0 | D:1      | Reached XP level 1. HP: 13/13 MP: 3/3
   330 | D:1      | Gained mutation: You are surrounded by a mild repulsion
                  | field. (EV +2) [demonic ancestry]
   330 | D:1      | Reached XP level 2. HP: 19/19 MP: 1/5
   373 | D:1      | Found a faded altar of an unknown god.
   386 | D:1      | Became a worshipper of Vehumet
   386 | D:1      | Reached * piety under Vehumet
   386 | D:1      | Offered knowledge of Foxfire by Vehumet.
  1195 | D:1      | Reached XP level 3. HP: 24/24 MP: 4/6
  1437 | D:2      | Reached ** piety under Vehumet
  1437 | D:2      | Offered knowledge of Magic Dart by Vehumet.
  1642 | D:2      | Learned a level 2 spell: Static Discharge
  2287 | D:2      | Gained mutation: You are surrounded by a moderate repulsion
                  | field. (EV +3) [demonic ancestry]
  2287 | D:2      | Reached XP level 4. HP: 30/30 MP: 1/7
  4071 | D:4      | Killed an ogre
  4106 | D:4      | Offered knowledge of Dazzling Flash by Vehumet.
  4107 | D:4      | Reached skill level 3 in Spellcasting
  4107 | D:4      | Reached XP level 5. HP: 8/36 MP: 0/9
  4111 | D:4      | Learned a level 3 spell: Dazzling Flash
  4115 | D:4      | Learned a level 3 spell: Swiftness
  4937 | D:4      | Found a shimmering altar of Xom.
  4972 | D:4      | Reached XP level 6. HP: 37/42 MP: 2/10
  5316 | D:4      | Found a staircase to the Ecumenical Temple.
  5482 | D:5      | Entered Level 5 of the Dungeon
  5488 | D:5      | Found a radiant altar of Vehumet.
  5492 | D:5      | Found a stormy altar of Qazlal.
  6035 | D:5      | Found the +7 Singing Sword {vorpal, sonic wave}
  6046 | D:5      | Found Ammit's Armour Emporium.
  6048 | D:5      | Found Uzxiz's Jewellery Emporium.
  6051 | D:5      | Found Omigo's Antique Weapon Emporium.
  6075 | D:5      | Found Yrrarole's Magic Scroll Emporium.
  6091 | D:5      | Reached skill level 1 in Fighting
  6322 | D:5      | Learned a level 2 spell: Poisonous Vapours
  6854 | D:6      | Reached XP level 7. HP: 48/48 MP: 6/12
  6890 | D:6      | Reached skill level 4 in Spellcasting
  7055 | D:6      | Reached *** piety under Vehumet
  7355 | D:6      | Noticed a shadow
  7779 | D:6      | Reached skill level 5 in Air Magic
  8127 | D:6      | Reached skill level 5 in Spellcasting
  8259 | D:6      | Killed a shadow
  8260 | D:6      | Gained mutation: Spells you cast may paralyse adjacent
                  | enemies. [demonic ancestry]
  8260 | D:6      | Reached XP level 8. HP: 51/54 MP: 3/15
  8367 | D:6      | Noticed Prince Ribbit
  8383 | D:6      | Killed Prince Ribbit
  8384 | D:6      | Reached skill level 1 in Long Blades
  8739 | D:7      | Reached skill level 1 in Poison Magic
  8922 | D:7      | Reached skill level 6 in Spellcasting
  9136 | D:7      | Reached skill level 5 in Conjurations
  9254 | D:7      | Offered knowledge of Stone Arrow by Vehumet.
  9553 | D:7      | Gained mutation: Spells you cast may paralyse nearby
                  | enemies. [demonic ancestry]
  9553 | D:7      | Reached XP level 9. HP: 59/59 MP: 4/18
 10393 | D:8      | Learned a level 5 spell: Freezing Cloud
 10451 | D:8      | Found a staircase to the Lair.
 10549 | D:8      | Found a basalt altar of Yredelemnul.
 10576 | D:8      | Noticed Joseph
 10804 | D:8      | Found a burning altar of Makhleb.
 10804 | D:8      | Found a bloodstained altar of Trog.
 10894 | D:8      | Found a shimmering blue altar of Sif Muna.
 10984 | D:8      | Killed Joseph
 10985 | D:8      | Reached skill level 7 in Spellcasting
 11455 | D:9      | Found Vatyetup's Weapon Shop.
 11461 | D:9      | Identified the -2 helmet of Hedging {rC+ Str+2}
 11479 | D:9      | Reached skill level 1 in Ice Magic
 11748 | D:9      | Noticed a troll
 11802 | D:9      | Reached **** piety under Vehumet
 12357 | D:9      | Killed a troll
 12358 | D:9      | Gained mutation: Your demonic aura sometimes causes spilled
                  | blood to erupt in flames. [demonic ancestry]
 12358 | D:9      | Reached XP level 10. HP: 66/66 MP: 15/21
 12569 | D:9      | Found Cacwiwur's Self-Improvement Boutique.
 12706 | Lair:1   | Entered Level 1 of the Lair of Beasts
 12748 | Lair:1   | Noticed a cane toad
 12758 | Lair:1   | Killed a cane toad
 13070 | Lair:1   | Noticed a cane toad
 13089 | Lair:1   | Killed a cane toad
 13090 | Lair:1   | Reached skill level 8 in Spellcasting
 13584 | Lair:1   | Offered knowledge of Fulminant Prism by Vehumet.
 13659 | Lair:1   | Noticed a cane toad
 13665 | Lair:1   | Killed a cane toad
 13818 | Lair:1   | Noticed Gastronok
 13849 | Lair:1   | Killed Gastronok
 13850 | Lair:1   | Reached skill level 9 in Spellcasting
 14129 | Lair:1   | Gained mutation: Your demonic aura often causes spilled
                  | blood to erupt in flames. [demonic ancestry]
 14129 | Lair:1   | Reached XP level 11. HP: 72/72 MP: 19/24
 14226 | Lair:1   | Noticed a four-headed hydra
 14232 | Lair:1   | Killed a four-headed hydra
 14437 | Lair:1   | Noticed Maggie
 14443 | Lair:1   | Killed Maggie
 15346 | Lair:2   | Noticed Urug
 15565 | Lair:2   | Reached skill level 10 in Spellcasting
 16392 | Lair:2   | Noticed Harold
 16538 | D:7      | Learned a level 4 spell: Airstrike
 17278 | D:8      | You fall into a shaft and drop 2 floors!
 17278 | D:10     | Entered Level 10 of the Dungeon
 17592 | D:10     | Noticed a two-headed ogre
 17617 | D:10     | Killed a two-headed ogre
 18027 | D:10     | Learned a level 2 spell: Passwall
 18498 | D:11     | Noticed Sonja
 18501 | D:11     | Killed Sonja
 18919 | D:11     | Found a staircase to the Orcish Mines.
 19231 | D:11     | Noticed a deep elf pyromancer
 19235 | D:11     | Killed a deep elf pyromancer
 19236 | D:11     | Reached XP level 12. HP: 78/78 MP: 16/26
 19465 | D:11     | Noticed a boulder beetle
 20191 | D:11     | Killed a boulder beetle
 20785 | Lair:2   | Killed Urug
 20786 | Lair:2   | Reached skill level 11 in Spellcasting
 21045 | Lair:2   | Killed Harold
 21049 | Lair:2   | Noticed Erica
 21517 | Lair:2   | Reached skill level 10 in Conjurations
 21700 | Lair:2   | Killed Erica
 21701 | Lair:2   | Reached skill level 10 in Air Magic
 22453 | Lair:3   | Noticed Snorg
 22466 | Lair:3   | Noticed a death yak
 22836 | Lair:3   | Noticed a death yak
 22836 | Lair:3   | Noticed a death yak
 22838 | Lair:3   | Noticed a death yak
 22845 | Lair:3   | Killed a death yak
 22845 | Lair:3   | Noticed a death yak
 22846 | Lair:3   | Reached skill level 5 in Ice Magic
 22847 | Lair:3   | Killed a death yak
 22848 | Lair:3   | Killed a death yak
 22866 | Lair:3   | Killed a death yak
 22867 | Lair:3   | Killed a death yak
 23236 | Lair:3   | Killed Snorg
 23237 | Lair:3   | Reached skill level 12 in Spellcasting
 23237 | Lair:3   | Gained mutation: You have a pair of small antennae on your
                  | head. [demonic ancestry]
 23237 | Lair:3   | Reached XP level 13. HP: 16/83 MP: 7/29
 23590 | Lair:3   | Noticed Nergalle
 24366 | Lair:4   | Learned a level 7 spell: Orb of Destruction
 24905 | Lair:4   | Identified a scroll of acquirement
 24906 | Lair:4   | Acquired the +1 hat of Ybobowet {rF- Str+3 Int+3 Dex+5}
 25440 | Lair:4   | Found a staircase to the Snake Pit.
 25763 | Lair:4   | Reached ***** piety under Vehumet
 26238 | Lair:4   | Offered knowledge of Fireball by Vehumet.
 26342 | Lair:4   | Learned a level 5 spell: Fireball
 27477 | Lair:4   | Reached skill level 1 in Fire Magic
 27762 | Lair:5   | Found a staircase to the Slime Pits.
 28289 | Lair:6   | Entered Level 6 of the Lair of Beasts
 28822 | Lair:6   | Gained mutation: You have a pair of antennae on your head.
                  | [demonic ancestry]
 28822 | Lair:6   | Reached XP level 14. HP: 93/93 MP: 3/30
 29756 | Lair:6   | Reached skill level 13 in Spellcasting
 30073 | Lair:6   | Found a runed translucent door.
 34061 | Lair:6   | Offered knowledge of Olgreb's Toxic Radiance by Vehumet.
 34191 | Lair:6   | Learned a level 4 spell: Olgreb's Toxic Radiance
 35088 | Lair:3   | Killed Nergalle
 35091 | Lair:3   | Found a staircase to the Swamp.
 35194 | Swamp:1  | Entered Level 1 of the Swamp
 35198 | Swamp:1  | Noticed a thorn hunter
 35319 | Swamp:1  | Killed from afar by a thorn hunter

Illustrated notes

Levels and vault maps discovered:
D:1:      dpeg_arrival_central, layout_basic, ebering_ecumenical_altar_rust,
          minmay_pentomino_u2
D:2:      layout_basic, minivault_23
D:3:      layout_loops_ring
D:4:      layout_loops_ring, xom_confusion_cloud,
          minmay_temple_entry_from_below_a
D:5:      layout_loops_ring, grunt_temple_overflow_open, serial_aquarium,
          aquarium_bridge_long_separate [aquarium_subvault_wall,
          aquarium_subvault_window, aquarium_subvault_bridge,
          aquarium_subvault_bridge, aquarium_subvault_bridge,
          aquarium_subvault_window], aquarium_window_fake, aquarium_window_1,
          aquarium_window_corridor_1, aquarium_view_2b, aquarium_balcony_3b,
          aquarium_pool_1, minmay_misc_feat_rows, minmay_shop_grid_forest
D:6:      layout_rooms, uniq_prince_ribbit1
D:7:      layout_basic
D:8:      layout_basic, mainiacjoe_overflow_catch_the_wave,
          gammafunk_temple_overflow_wave, uniq_joseph
D:9:      layout_basic, serial_shops, nicolae_shop_waterfront,
          nicolae_shop_self_help
D:10:     layout_roguey
D:11:     layout_layer_cave, erik_orc_4, uniq_sonja
Lair:1:   layout_hall_layers, uniq_gastronok, uniq_maggie
Lair:2:   layout_regular_city, beast_lair_carwin_7, wad_woods_river_01,
          uniq_urug, uniq_erica, uniq_harold
Lair:3:   layout_small_grid, palyth_hydra_swamp_entry, uniq_nergalle, uniq_snorg
Lair:4:   layout_small_grid, dummy_snake_entry, grunt_megastairs_1
Lair:5:   layout_misc_corridors, dpeg_slime_entry_corner
Lair:6:   wormcave, layout_concentric_octagons,
          hangedman_lair_caniforms_friends, serial_bayou_shore_a
Swamp:1:  layout_basic_swamp, nicolae_swamp_treefoil, infiniplex_staircase_pool

Skill      XL: |  1  2  3  4  5  6  7  8  9 10 11 12 13 14 |
---------------+-------------------------------------------+-----
Air Magic      | 3 4 5 6 7 8 9 10 11 12 | 12.1
Dodging        | 2 3 4 |  4.1
Conjurations   | 2 3 4 5 6 8 9 10 11 12 | 12.6
Spellcasting   | 3 5 6 7 9 10 12 13 | 13.5
Stealth        | 2 3 4 |  4.6
Fighting       | 1 2 3 |  3.7
Long Blades    | 1 2 3 4 |  4.4
Poison Magic   | 1 2 |  2.1
Ice Magic      | 2 3 5 6 |  6.7
Fire Magic     | 1 |  1.9
Short Blades   | |  0.5
Maces & Flails | |  0.2
Throwing       | |  0.2
Transmutations | |  0.8
Earth Magic    | |  0.2
Evocations     | |  0.1

Action                   |  1- 3 |  4- 6 |  7- 9 | 10-12 | 13-15 || total
-------------------------+-------+-------+-------+-------+-------++-------
Melee: Dagger            |    26 |    16 |       |       |       ||    42
       Whip              |       |     7 |       |       |       ||     7
       Double sword      |       |     3 |     9 |    16 |    44 ||    72
Throw: Dart              |       |       |       |       |     3 ||     3
 Cast: Shock             |    91 |   192 |   262 |   274 |   243 ||  1062
       Static Discharge  |       |     3 |    10 |     1 |       ||    14
       Poisonous Vapours |       |       |    13 |     9 |     8 ||    30
       Swiftness         |       |       |     2 |     3 |     3 ||     8
       Freezing Cloud    |       |       |     9 |   113 |   156 ||   278
       Passwall          |       |       |       |     6 |       ||     6
       Airstrike         |       |       |       |    15 |    12 ||    27
       Dazzling Flash    |       |       |       |     1 |     1 ||     2
       Fireball          |       |       |       |       |    75 ||    75
       Orb of Destructio |       |       |       |       |     2 ||     2
       Olgreb's Toxic Ra |       |       |       |       |     4 ||     4
Evoke: Wand              |       |       |       |       |     7 ||     7
  Use: Scroll            |       |     7 |     2 |    10 |     8 ||    27
       Potion            |       |       |       |     4 |       ||     4
 Stab: Paralysed         |       |       |       |       |     4 ||     4
Armor: Robe              |     6 |    11 |    13 |     7 |    27 ||    64
Dodge: Dodged            |    29 |    75 |    50 |    66 |   120 ||   340
       Rpst.: Double sword |       |       |     4 |     9 |    33 ||    46
